AoeStats
← Boris

Hideout

507911792Analyzed
1v1 RM · 12d ago on Sep 20, 2026· 39m 31s· 2 players
Game mode
Random Map
Map size
Tiny (2 player)
Population
200
Speed
Normal
Resources
Standard
Victory
Conquest
Starting age
Dark Age
Ending age
Imperial Age
RankedLock teamsTeams togetherTeam positionsShared explorationLock speedFull tech treeHidden civsTurbo modeCheats
Victory
Defeat
🇸🇻 Koreans · El Salvador
1488
+11
🇻🇳 Tatars · Vietnam
1378
-11
quan.do19
10:05 Feudal Age
14:38 Castle Age
14:27 Double-Bit Axe
22:15 Fletching
23:07 Padded Archer Armor
24:48 Gold Mining
37:03 Wheelbarrow
40:15 Imperial Age
Boris
9:27 Feudal Age
9:29 Man-at-Arms
11:45 Fletching
20:05 Castle Age
19:49 Double-Bit Axe
19:47 Horse Collar
20:28 Crossbowman
22:36 Scale Barding Armor
22:56 Husbandry
25:35 Chain Barding Armor
30:06 Forging
31:26 Bodkin Arrow
31:27 Elite Skirmisher
32:27 Loom
32:56 Bow Saw
33:53 Iron Casting
34:16 Gold Mining
35:24 Light Cavalry
39:45 Imperial Age
37:55 Wheelbarrow
38:53 Thumb Ring
Connection lost

Rejoining the realm…

Still unreachable

The connection could not be restored.

Session expired

The server has moved on; the page needs a fresh start.